cohdb
Replays
Latest Replays
All Replays
Popular Replays
Top Player Replays
Match Explorer
How It Works
Community
CoH3 Stats
Reddit
Sign in to upload your games and track your stats! →
Sign in with Steam
Match 45079205
Unlisted
Match 45079205
Overview
Messages
Build Orders
End
Construct Infanterie Kompanie
Kettenkrad Recon Vehicle
Selects Mechanized Battlegroup
MG 42 Machine Gun Team
Grenadier Squad
Grenadier Squad
Grenadier Squad
Selects Mobile Repair Stations
Construct Panzergrenadier Kompanie
251 Medium Carrier
Medical Station
Pak 40 Anti-tank Gun Team
Butomorgen
Yoddha
simranjitsingh713
阳光刺青
Beluga
MaRek_0w0
0
0
Comments
sign in to comment!
No comments posted yet!